Description

Eco + Upgrades BO from Dark. He goes roach ravager later against a hellbat push

Replay - Dark v Ryung: Game 2 - 2000 Atmospheres LE

Build Order

Get SALT Encoding   

  12  0:00  Drone  
  13  0:12  Overlord  
  13  0:17  Drone  
  14  0:32  Drone x2  
  16  0:48  Hatchery  
  15  0:53  Drone x2  
  17  0:59  Drone  
  17  1:02  Extractor  Put 3 drones from mineral line into it when it finishes
  17  1:14  Spawning Pool  
  17  1:18  Drone x2  
  18  1:31  Drone  
  21  2:01  Queen x2  Pull 2 drones from extractor on 100 gas
  21  2:02  Zergling x4  
  21  2:04  Metabolic Boost  
  27  2:12  Zergling x2  Move one drone towards your 3rd to evade reaper
  28  2:18  Overlord  
  28  2:30  Hatchery  
  31  2:48  Queen  Try to scout with overlord at enemy base when finishes
  33  2:55  Overlord  Make a ring of vision with overlords
  41  3:24  Queen  
  44  3:27  Overlord  
  44  3:39  Overlord  
  50  3:48  Queen  
  50  3:51  Zergling x2  
  53  4:00  Queen  
  59  4:03  Extractor  Put 2 drones back into other extractor at main
  61  4:16  Evolution Chamber x2  
  65  4:26  Queen  2nd scout attempt with overlord at enemy base, also use zerglings
  73  4:44  Zerg Melee Weapons Level 1  
  73  4:45  Zerg Ground Armor Level 1  
  73  5:02  Zergling x4  
  82  5:09  Lair  
  87  5:15  Baneling Nest  
  87  5:18  Hatchery  
  84  5:23  Extractor x2  
  85  5:32  Hatchery  Macro Hatch
  85  5:39  Hatchery  Macro Hatch
  85  5:41  Zergling x8  
  98  6:00  Baneling x8  
  98  6:09  Burrow  
  98  6:12  Centrifugal Hooks  
  98  6:13  Hatchery  
  98  6:15  Baneling  Get ready to attack with zerglings at enemies 3rd
  104  6:40  Overseer  Overlord at enemy base, +1/+1 finishes here
  104  6:43  Baneling  
  106  6:53  Zerg Ground Armor Level 2  
  113  7:03  Roach Warren  
  113  7:06  Zerg Melee Weapons Level 2  
  114  7:10  Extractor x2  
  123  7:15  Extractor x2  
  123  7:16  Infestation Pit  
  125  7:38  Evolution Chamber  
  123  7:47  Roach x7  
  123  7:48  Glial Reconstitution  
  133  8:08  Roach x3  
  151  8:17  Hive  
  153  8:33  Spore Crawler x2  
  159  8:38  Hatchery  
  159  8:40  Pneumatized Carapace  
  166  8:55  Zerg Missile Weapons Level 1  
  174  9:20  Ravager x4  
  177  9:28  Zerg Ground Armor Level 3  
  177  9:29  Zerg Melee Weapons Level 3  
  196  9:56  Ravager  
Spawning Tool Build Advisor. Get it on Overwolf

Go to:

Details

  • Created by: Cranky
  • Published on: May 17, 2022
  • Modified on: May 17, 2022
  • Patch: 4.11.0
  • Difficulty: Medium
Show
View Real Time Build Order
Export as new Build Order

Comments (0)

There are no comments. Be the first!

Create an account to comment!